 Dungeon Crawl Stone Soup version 0.29-a0-911-g88e6f02907 (webtiles) character file.

Game seed: 8630117833658503120

30 inmateoo the Shield-Bearer (level 3, -4/19 HPs)
             Began as a Vine Stalker Fighter on July 26, 2022.
             Slain by a gnoll
             ... wielding a +0 halberd
              (10 damage)
             ... on level 1 of the Dungeon.
             The game lasted 00:01:11 (1241 turns).

inmateoo the Shield-Bearer (Vine Stalker Fighter)   Turns: 1241, Time: 00:01:12

Health: -4/19      AC:  6    Str: 20    XL:     3   Next: 18%
Magic:  0/4        EV:  9    Int:  8    God:
Gold:   26         SH:  4    Dex: 13    Spells: 2/2 levels left

rFire   . . .      SeeInvis .     - Unarmed
rCold   . . .      Faith    .   b - +0 buckler
rNeg    . . .      Spirit   +   a - +0 scale mail
rPois   .          Reflect  .   (no helmet)
rElec   .          Harm     .   (no cloak)
rCorr   .          Rampage  .   (no gloves)
Will    .....                   (no boots)
Stlth   ..........              (no amulet)
HPRegen 0.06/turn               (no ring)
MPRegen 0.09/turn               (no ring)

@: no status effects
A: fangs 2, magic shield, antimagic bite, no potion heal 2
a: no special abilities


You were on level 1 of the Dungeon.
You visited 1 branch of the dungeon, and saw 2 of its levels.

You collected 26 gold pieces.

Inventory:

Armour
 a - a +0 scale mail (worn)
 b - a +0 buckler (worn)
Potions
 c - a potion of might
 e - 2 potions of curing
 h - a potion of flight


   Skills:
 + Level 2.9 Fighting
 + Level 2.6 Armour
 + Level 0.3 Dodging
 - Level 3.0 Shields
 * Level 2.6 Unarmed Combat


You had 2 spell levels left.
You didn't know any spells.
Your spell library contained the following spells:

 Spells                   Type           Power      Damage    Failure   Level
 Apportation              Tloc           0%         N/A       86%         1
 Necrotise                Necr           0%         1d4       86%         1
 Summon Small Mammal      Summ           0%         N/A       86%         1


Dungeon Overview and Level Annotations

Branches:
Dungeon (2/15)

Altars:


Innate Abilities, Weirdness & Mutations

You have extremely sharp teeth.
When hurt, damage is shared between your health and your magic reserves.
Your bite disrupts and absorbs the magic of your enemies.
Potions cannot restore your health.


Message History

The gnoll misses your butterfly. x2
You swap places.
The gnoll completely misses your butterfly.
The gnoll hits your butterfly with a +0 halberd!
Your butterfly dies!
Your butterfly disappears in a burst of colours!
The gnoll barely misses something.
Something closely misses your butterfly.
Your butterfly disappears in a burst of colours!
You swap places.
There is an escape hatch in the ceiling here.
There is an escape hatch in the ceiling here.
The gnoll barely misses you. You block the gnoll's attack.
There is an escape hatch in the ceiling here.
The gnoll closely misses you. You block the gnoll's attack.
A mysterious force pulls you upwards. The hatch slams shut behind you.
Your summoned ally is left behind.
You hit the gnoll but do no damage. Your bite misses the gnoll.
You hit the gnoll but do no damage. You block the gnoll's attack.
The gnoll hits you with a +0 halberd!
You hit the gnoll.
The gnoll is lightly wounded.
You feel your willpower return. You block the gnoll's attack.
You closely miss the gnoll. Your bite misses the gnoll.
The gnoll is lightly wounded.
The gnoll hits you with a +0 halberd!
You hit the gnoll but do no damage.
The gnoll is lightly wounded.
The gnoll hits you but does no damage.
You are too injured to fight recklessly!
You completely miss the gnoll. Your bite misses the gnoll.
The gnoll is lightly wounded.
You block the gnoll's attack.
You are too injured to fight recklessly!
You closely miss the gnoll. Your bite misses the gnoll.
The gnoll is lightly wounded.
The gnoll hits you with a +0 halberd!
Ouch! That really hurt!
You die...

............#######
##÷........##
#.........# #...♣♣....##
##..♣♣.....# #..♣.♣....#
##....♣....############
##.....................#
##.........###.#@#####.#
.....###..####.#g# #.#
####.##...##.#.#.### #.#
# #........#......# #.#
## ####...##.#.#.#.###.#
.# ##...............# .#
#.#########.##### .# #.#
#.#.# .# ##+## #..##


You could see a gnoll.

Vanquished Creatures
  A dart slug (D:1)
  2 bats (D:1)
  4 endoplasms
  A goblin (D:1)
  7 hobgoblins (D:1)
  A kobold (D:1)
  A quokka (D:1)
  3 ball pythons (D:1)
  2 frilled lizards
  3 rats (D:1)
25 creatures vanquished.

Notes
Turn   | Place    | Note
-------+----------+-------------------------------------------
     0 | D:1      | inmateoo the Vine Stalker Fighter began the quest for the
                  | Orb.
     0 | D:1      | Reached XP level 1. HP: 11/11 MP: 2/2
   306 | D:1      | Reached XP level 2. HP: 16/16 MP: 3/3
   859 | D:1      | Found a faded altar of an unknown god.
   967 | D:1      | Reached XP level 3. HP: 19/19 MP: 4/4
   974 | D:1      | Reached skill level 3 in Shields
  1241 | D:1      | Slain by a gnoll

Illustrated notes

Levels and vault maps discovered:
D:1:      dpeg_arrival_tiny_i, layout_loops_corners,
          shapermc_ecumenical_altar_hornbeckon, chequers_garden, st_stairs_13,
          dreamdust_princess_bridge
D:2:      layout_loops_ring, minmay_misc_feat_alley

Skill      XL: |  1  2  3 |
---------------+----------+-----
Shields        | 3 |  3.0
Fighting       | |  2.9
Armour         | |  2.6
Dodging        | |  0.3
Unarmed Combat | |  2.6

Action                   || total
-------------------------++-------
Melee: Unarmed           ||    72
       Bite              ||    13
  Use: Scroll            ||     6
Armor: Scale mail        ||    26
Dodge: Dodged            ||    26
Block: Buckler           ||    18

Table legend: (Time is in decaauts)
 A = Elapsed time spent in this place.
 B = Non-inter-level travel time spent in this place.
 C = Inter-level travel time spent in this place.
 D = Time resting spent in this place.
 E = Time spent auto-exploring this place.
 F = Levels seen in this place.
 G = Mean time per level.
                   A        B        C        D        E       F      G
               +--------+--------+--------+--------+--------+-----+--------+
         Total |   1248 |   1220 |     28 |    207 |    823 |   2 |  624.0 |
       Dungeon |   1248 |   1220 |     28 |    207 |    823 |   2 |  624.0 |
               +--------+--------+--------+--------+--------+-----+--------+

Top non-repeatable levels by time:
     D:1: 1119 daAuts
     D:2: 128 daAuts
